Map: Ruins of Seras

Players

Haighstrom

  • Race: Zerg Zerg

Shasto - Winner!

  • Race: Zerg Zerg
  • League: Diamond

VOD

Have the link to the VOD?

Description

Time

  • Played on: Nov. 11, 2015, 6:25 a.m.
  • Length: 6:34
Show
View Real Time Build Order
Export as new Build Order

Haighstrom Zerg 

Build Orders: Hatch First 

Get SALT Encoding   

  12  0:00  Drone  
  13  0:08  Drone  
  14  0:17  Overlord  
  14  0:30  Extractor  
  14  0:31  Drone  
  15  0:41  Drone  
  15  0:42  Drone  
  17  0:58  Hatchery  
  17  1:01  Drone  
  17  1:05  Extractor  
  16  1:16  Drone  
  17  1:22  Spawning Pool  
  16  1:31  Drone  
  17  1:35  Overlord  
  17  1:50  Drone x2  
  19  1:59  Drone  
  20  2:10  Queen  
  20  2:12  Queen  
  25  2:15  Zergling x2  
  25  2:20  Drone  
  26  2:23  Drone  
  26  2:29  Metabolic Boost  
  27  2:34  Drone  
  27  2:36  Drone  
  29  2:43  Baneling Nest  
  28  2:55  Drone x4  
  32  2:59  Evolution Chamber  
  32  3:02  Drone  
  32  3:04  Drone  
  33  3:12  Drone x2  
  35  3:17  Drone  
  36  3:24  Overlord  
  36  3:29  Zerg Melee Weapons Level 1  
  36  3:30  Overlord  
  36  3:31  Overlord  
  35  3:42  Zergling x10  
  40  3:53  Zergling x12  
  45  3:58  Queen  
  43  4:11  Zergling x8  
  42  4:20  Zergling x2  
  39  4:24  Zergling x2  
  39  4:27  Zergling x8  
  34  4:40  Zergling x8  
  34  4:43  Queen  
  34  4:45  Zergling x2  
  38  4:49  Zergling x2  
  38  4:53  Zergling x2  
  38  4:59  Zergling x2  
  36  5:03  Zergling x2  
  36  5:08  Baneling x2  
  36  5:12  Zergling x2  
  36  5:14  Overlord  
  36  5:19  Zergling x2  
  32  5:30  Zergling x10  
  29  5:45  Zergling x4  
  29  5:46  Zergling x4  
  19  5:54  Zergling x4  
  19  6:00  Baneling  
  19  6:01  Baneling  
  14  6:12  Zergling x2  
Show
View Real Time Build Order
Export as new Build Order

Shasto Zerg - Winner!

Build Orders: Pool First 

Get SALT Encoding   

  12  0:01  Drone  
  13  0:13  Overlord  
  13  0:27  Drone  
  14  0:32  Drone x2  
  16  0:41  Drone  
  17  0:53  Drone, Spawning Pool  
  17  0:56  Extractor  
  16  1:00  Drone  
  17  1:11  Drone  
  18  1:26  Hatchery  
  18  1:27  Drone  
  18  1:32  Drone  
  19  1:40  Queen  
  19  1:45  Drone  
  22  1:53  Overlord  
  22  1:58  Metabolic Boost  
  22  2:12  Drone  
  23  2:15  Queen  
  25  2:26  Drone x2  
  27  2:34  Baneling Nest  
  26  2:38  Drone x2  
  28  2:47  Overlord  
  28  2:49  Drone x2  
  30  2:54  Drone  
  31  3:05  Zergling x4  
  33  3:09  Zergling x2  
  34  3:13  Zergling x2  
  35  3:22  Zergling x4  
  37  3:31  Hatchery  
  37  3:34  Zergling x12  
  42  3:48  Zergling x4  
  44  3:55  Overlord  
  43  3:57  Overlord  
  42  4:08  Baneling  
  42  4:09  Baneling  
  42  4:13  Zergling x6  
  43  4:19  Zergling x4  
  44  4:28  Zergling x4  
  40  4:39  Zergling x12  
  45  4:46  Zergling x6  
  47  4:54  Queen, Zergling x2  
  47  4:58  Zergling x4  
  48  5:07  Zergling x2  
  48  5:11  Zergling x6  
  48  5:13  Zergling x2  
  49  5:16  Zergling x2  
  49  5:17  Zergling x2  
  50  5:21  Baneling  
  50  5:22  Baneling x2  
  50  5:26  Zergling x4  
  50  5:27  Zergling x6  
  48  5:44  Zergling x10  
  48  5:49  Zergling x4  
  50  5:56  Zergling x2  
  50  5:59  Baneling  
  50  6:00  Zergling x8, Baneling x2  
  50  6:01  Zergling x2  
  49  6:13  Zergling x6  
  49  6:17  Zergling x6  
  52  6:19  Baneling  
  52  6:20  Baneling x2  
Tags
 
Add a new tag
Caveats
  • Supply blocks, unpowered buildings, or Contaminate may cause inaccurate times.
  • Supply counts are checked every 10 seconds.